 Dungeon Crawl Stone Soup version 0.30-b1-2-g02819fbbbe (webtiles) character file.

Game seed: 9764720742114405157

21 redmage the Digger (level 3, -2/26 HPs)
             Began as a Meteoran Earth Elementalist on July 27, 2023.
             Slain by a cerulean imp
             ... wielding a +0 spear
             ... summoned by Natasha
              (4 damage)
             ... on level 3 of the Dungeon.
             The game lasted 00:03:14 (223 turns).

redmage the Digger (Meteoran Earth Elementalist)     Turns: 223, Time: 00:03:15

Health: -2/26      AC:  2    Str:  9    XL:     3   Next: 17%
Magic:  4/8        EV: 12    Int: 19    God:
Gold:   0          SH:  0    Dex: 14    Spells: 2/8 levels left

rFire   . . .        (no weapon)
rCold   . . .        (no shield)
rNeg    . . .        a - +0 robe
rPois   .            (no helmet)
rElec   .            (no cloak)
rCorr   .            (no gloves)
SInv    .            (no boots)
Will    .....        (no amulet)
Stlth   +            (no ring)
HPRegen 0.24/turn    (no ring)
MPRegen 0.11/turn

%: no passive effects
@: glowing
A: sense surroundings 1, otherworldly, glowing, explore regen
a: no special abilities


You were on level 3 of the Dungeon.
You visited 1 branch of the dungeon, and saw 3 of its levels.

Inventory:

Armour
 a - a +0 robe (worn)
Jewellery
 e - a ring of willpower
Scrolls
 c - 2 scrolls of teleportation {unknown}
 d - a scroll of identify {unknown}
Potions
 b - a potion of magic
 f - a potion of ambrosia {unknown}


   Skills:
 - Level 2.6 Dodging
 - Level 1.5 Stealth
 - Level 3.0 Spellcasting
 * Level 0.0 Conjurations
 - Level 1.8 Transmutations
 + Level 4.0 Earth Magic


You had 2 spell levels left.
You knew the following spells:

 Your Spells              Type           Power      Damage    Failure   Level
a - Sandblast             Erth           36%        2d10      2%          1
b - Passwall              Tmut/Erth      11%        N/A       7%          2
c - Stone Arrow           Conj/Erth      20%        3d8       21%         3

Your spell library contained the following spells:

 Spells                   Type           Power      Damage    Failure   Level
 Sting                    Tmut/Pois      24%        1d4       11%         1
 Poisonous Vapours        Pois/Air       4%         N/A       22%         2
 Petrify                  Tmut/Erth      14%        N/A       41%         4
 Olgreb's Toxic Radiance  Pois           2%         N/A       83%         4


Dungeon Overview and Level Annotations

Branches:
Dungeon (3/15) Zot: 1569

Altars:

Shops:
D:1 ((

Annotations:
D:3 1 transporter, Natasha


Innate Abilities, Weirdness & Mutations

You passively map a small area around you.
You are easily found by Zot.
You glow in the dark.
You regain HP and MP as you explore.


Message History

Confirm with . or Enter, or press ? or * to list all spells.
Aiming: Sandblast (safe; 2% risk of failure)
Press: ? - help, Shift-Dir - straight line, f - Natasha, p - cerulean imp
Aim: Natasha (77% to hit)
The blast of sand hits the cerulean imp.
The cerulean imp is heavily wounded.
The cerulean imp barely misses you.
Natasha casts a spell.
The cerulean imp hits you from afar with a +1 spear.
Unknown command.
Casting: Sandblast (safe; 2% risk of failure)
Confirm with . or Enter, or press ? or * to list all spells.
Aiming: Sandblast (safe; 2% risk of failure)
Press: ? - help, Shift-Dir - straight line, f/p - Natasha
Aim: Natasha (77% to hit)
The blast of sand hits the cerulean imp!
You kill the cerulean imp!
The cerulean imp disappears in a puff of smoke!
Natasha casts a spell at you. The magic dart hits you!
Unknown command.
Casting: Sandblast (safe; 2% risk of failure)
Confirm with . or Enter, or press ? or * to list all spells.
Aiming: Sandblast (safe; 2% risk of failure)
Press: ? - help, Shift-Dir - straight line, f/p - Natasha
Aim: Natasha (77% to hit)
The blast of sand misses Natasha.
Unknown command.
Casting: Sandblast (safe; 2% risk of failure)
Confirm with . or Enter, or press ? or * to list all spells.
Aiming: Sandblast (safe; 2% risk of failure)
Press: ? - help, Shift-Dir - straight line, f/p - Natasha
Aim: Natasha (77% to hit)
The blast of sand hits Natasha.
Natasha is heavily wounded.
Natasha stares at you and mumbles some strange words.
The magic dart hits you!
* * * LOW HITPOINT WARNING * * *
The cerulean imp hits you from afar with a +0 spear.
You die...

#.# * #.# #.# #.# #
####.# #####.### *
#.## ...<.#
#.......####...$.,
###..###.###.#.#...
....*
#......>...#.#.##.....
*
#.##.....###......#.#
#.#.......####.####.#
# #.#.......#
#@####.#.# ..#.......#
#.h55....# ,
...#.....## #####...##
* ###.##...##* #.....#
* * #. ###.# *
#.......# * ,
#.........# , ,
+.........+ ,
#.....5...#* *
##..h....##


You could see Natasha and 2 cerulean imps.

Vanquished Creatures
  2 adders
  A giant cockroach (D:3)
  A kobold (D:3)
  A rat (D:2)
5 creatures vanquished.

Notes
Turn   | Place    | Note
-------+----------+-------------------------------------------
     0 | D:1      | redmage the Meteoran Earth Elementalist began the quest for
                  | the Orb.
     0 | D:1      | Reached XP level 1. HP: 14/14 MP: 5/5
    44 | D:2      | Reached XP level 2. HP: 20/20 MP: 2/6
    47 | D:2      | Learned a level 2 spell: Passwall
   125 | D:1      | Found Tom Ysiv's Weapon Boutique.
   128 | D:1      | Found Goimp's Antique Weapon Boutique.
   173 | D:3      | Found a transporter.
   187 | D:3      | Reached skill level 4 in Earth Magic
   187 | D:3      | Reached XP level 3. HP: 25/26 MP: 2/8
   191 | D:3      | Learned a level 3 spell: Stone Arrow
   212 | D:3      | Noticed Natasha
   223 | D:3      | Slain by a cerulean imp

Illustrated notes

Levels and vault maps discovered:
D:1:      grunt_arrival_crossed_arrows, layout_basic, serial_shops, shop, shop,
          nicolae_shop_tiny_glass
D:2:      layout_basic, minmay_circle_x
D:3:      layout_loops_corners, gammafunk_ghost_mausoleum, uniq_natasha

Skill      XL: |  1  2 |
---------------+-------+-----
Spellcasting   | 3 |  3.0
Earth Magic    | 4 |  4.0
Dodging        | |  2.6
Stealth        | |  1.5
Transmutations | |  1.8

Action                     || total
---------------------------++-------
   Cast: Sandblast         ||    14
  Dodge: Dodged            ||     1
